 Dungeon Crawl Stone Soup version 0.26-a0-712-ga5a9c9c9d0 (webtiles) character file.

Game seed: 18195488919573985072

175 ringo67 the Skirmisher (level 5, -3/46 HPs)
             Began as a Ghoul Fighter on Oct 31, 2020.
             Slain by a river rat (7 damage)
             ... in a sewer.
             The game lasted 00:04:23 (2441 turns).

ringo67 the Skirmisher (Ghoul Fighter)              Turns: 2441, Time: 00:04:23

Health: -3/46      AC:  8    Str: 21    XL:     5   Next: 55%
Magic:  4/4        EV:  8    Int:  3    God:
Gold:   135        SH:  9    Dex: 14    Spells: 4/4 levels left

rFire    . . .     SeeInvis .   a - +0 war axe
rCold    + . .     Faith    .   c - +0 kite shield
rNeg     + + +     Spirit   .   b - +0 scale mail
rPois    ∞         Reflect  .   (no helmet)
rElec    .         Harm     .   (no cloak)
rCorr    .         Rampage  .   m - +0 pair of gloves
MR       .....                  (no boots)
Stlth    ..........             (no amulet)
HPRegen  0.00/turn              k - +6 ring of dexterity
MPRegen  0.09/turn              (no ring)

@: no status effects
A: rotting body, claws 1, cold resistance 1, negative energy resistance 3,
inhibited regeneration, torment resistance, unbreathing
a: no special abilities


You were in a sewer.
You visited 1 branch of the dungeon, and saw 3 of its levels.
You also visited: Sewer.

You collected 135 gold pieces.

Inventory:

Hand Weapons
 a - a +0 war axe (weapon)
Missiles
 g - 19 poisoned darts (quivered)
Armour
 b - a +0 scale mail (worn)
 c - a +0 kite shield (worn)
 m - a +0 pair of gloves (worn)
Jewellery
 k - a +6 ring of dexterity (left hand)
 r - a cursed amulet of reflection {unknown}
Wands
 n - a wand of iceblast (10)
Scrolls
 e - 7 scrolls of teleportation {unknown}
 j - a scroll of identify {unknown}
 l - a scroll of amnesia {unknown}
 o - a scroll of fear {unknown}
 p - a scroll of fog {unknown}
 q - a scroll of magic mapping {unknown}
Potions
 d - a potion of might
 f - a potion of flight {unknown}
 h - 2 potions of brilliance {unknown}
 i - a potion of berserk rage {unknown}


   Skills:
 + Level 4.0 Fighting
 * Level 2.9 Axes
 + Level 3.4 Armour
 + Level 1.7 Dodging
 + Level 3.3 Shields


You had 4 spell levels left.
You didn't know any spells.
Your spell library was empty.

Dungeon Overview and Level Annotations

Branches:
Dungeon (3/15)              Sewer (1/1)

Altars:


Innate Abilities, Weirdness & Mutations

Your body is rotting away.
You thrive by killing the living.
You are immune to poison.
You have sharp fingernails.
Your flesh is cold resistant. (rC+)
You are immune to negative energy. (rN+++)
You do not regenerate when monsters are visible.
You are immune to unholy pain and torment.
You can survive without breathing.


Message History

The river rat closely misses you. The river rat barely misses you.
You are too injured to fight recklessly!
You are too injured to fight recklessly!
Unknown command.
You are too injured to fight recklessly!
You hit the river rat.
The river rat is almost dead.
You closely miss the river rat. x2; You hit the rat.
You kill the rat!
The river rat bites you. x2
* * * LOW HITPOINT WARNING * * *
The river rat barely misses you.
The river rat bites you but does no damage.
The river rat bites you.
* * * LOW HITPOINT WARNING * * *
You hit the river rat but do no damage.
The river rat is almost dead.
You hit the river rat but do no damage. You barely miss the river rat.
You completely miss the rat. The river rat bites you!
You die...

...####################
.....≈≈≈r†r≈≈≈≈≈≈≈≈≈..###
.....≈≈≈≈r@.≈≈≈≈≈≈≈≈....##
....≈≈≈≈≈rr.≈≈≈≈≈≈≈≈≈....##
.....≈≈≈≈≈≈.≈≈≈≈≈≈≈≈......#
#...≈≈≈≈≈≈..≈≈≈≈≈≈≈≈......#
###.#≈≈≈≈≈≈≈≈≈≈≈≈≈≈≈......#
####################....#
####...# #..#.... #..'....


You could see 3 river rats and 2 rats.

Vanquished Creatures
  2 adders
  4 river rats (Sewer)
  3 oozes
  A worm (D:3)
  4 dart slugs
  3 leopard geckos
  An orc (D:3)
  5 bats
  5 giant cockroaches
  11 goblins
  8 hobgoblins
  5 jackals
  6 ball pythons
  4 frilled lizards
  10 kobolds
  28 rats
100 creatures vanquished.

Notes
Turn   | Place    | Note
-------+----------+-------------------------------------------
     0 | D:1      | ringo67 the Ghoul Fighter began the quest for the Orb.
     0 | D:1      | Reached XP level 1. HP: 19/19 MP: 0/0
   153 | D:1      | Reached XP level 2. HP: 26/26 MP: 1/1
   520 | D:1      | Reached XP level 3. HP: 27/31 MP: 2/2
   525 | D:1      | Reached skill level 1 in Dodging
  1080 | D:2      | Reached XP level 4. HP: 40/40 MP: 3/3
  1656 | D:3      | Found a glowing drain.
  1672 | Sewer    | Entered a sewer
  1733 | Sewer    | Reached XP level 5. HP: 27/46 MP: 4/4
  2065 | Sewer    | Reached skill level 4 in Fighting
  2441 | Sewer    | Slain by a river rat

Illustrated notes

Levels and vault maps discovered:
D:1:      shiori_arrival_elements, layout_rooms, st_stairs_10,
          minmay_pentomino_p2
D:2:      layout_rooms
D:3:      layout_loops_cross, portal_sewer_entry_b
Sewer:    sewer_minmay_w

Skill      XL: |  1  2  3  4  5 |
---------------+----------------+-----
Axes           | 2 |  2.9
Dodging        | 1 |  1.7
Armour         | 3 |  3.4
Shields        | 3 |  3.3
Fighting       | 4 |  4.0

Action                   |  1- 3 |  4- 6 || total
-------------------------+-------+-------++-------
Melee: War axe           |   122 |   165 ||   287
Armor: Scale mail        |    61 |   101 ||   162
Dodge: Dodged            |    42 |    73 ||   115
Block: Kite shield       |    62 |   127 ||   189

Table legend: (Time is in decaauts)
 A = Elapsed time spent in this place.
 B = Non-inter-level travel time spent in this place.
 C = Inter-level travel time spent in this place.
 D = Time resting spent in this place.
 E = Time spent auto-exploring this place.
 F = Levels seen in this place.
 G = Mean time per level.
                   A        B        C        D        E       F      G
               +--------+--------+--------+--------+--------+-----+--------+
         Total |   2614 |   2573 |     41 |    366 |   1364 |   4 |  653.5 |
       Dungeon |   1769 |   1728 |     41 |      0 |   1144 |   3 |  589.7 |
         Sewer |    844 |    844 |      0 |    366 |    220 |   1 |  844.0 |
               +--------+--------+--------+--------+--------+-----+--------+

Top non-repeatable levels by time:
     D:1: 1012 daAuts
   Sewer: 844 daAuts
     D:2: 556 daAuts
     D:3: 200 daAuts
